 Dungeon Crawl Stone Soup version 0.28-a0-684-g30a9fa1a03 (webtiles) character file.

Game seed: 15240644553820087838

4322 sodan the Covert (level 10, -5/47 HPs)
             Began as a Spriggan Enchanter on Oct 19, 2021.
             Was an Initiate of Dithmenos.
             Slain by a boulder beetle (31 damage)
             ... on level 7 of the Dungeon.
             The game lasted 00:21:07 (10990 turns).

sodan the Covert (Spriggan Enchanter)              Turns: 10990, Time: 00:21:08

Health: -5/47      AC:  2    Str:  7    XL:     10   Next: 11%
Magic:  18/25      EV: 19    Int: 17    God:    Dithmenos [......]
Gold:   1103       SH:  0    Dex: 16    Spells: 21/29 levels left

rFire   . . .      SeeInvis +   u - +2 rapier (vamp)
rCold   . . .      Faith    .   (shield restricted)
rNeg    . . .      Spirit   .   b - +0 robe
rPois   +          Reflect  .   (helmet restricted)
rElec   .          Harm     .   (no cloak)
rCorr   +          Rampage  .   (gloves unavailable)
Will    +....                   (boots unavailable)
Stlth   ++++++....              (no amulet)
HPRegen 0.15/turn               t - ring of wizardry
MPRegen 0.19/turn               g - ring of resist corrosion

@: studying 2 skills, very quick
A: very small, no large weapons, unfitting armour, see invisible, speed 3,
camouflage 1, poison resistance
a: Renounce Religion


You were on level 7 of the Dungeon.
You worshipped Dithmenos.
Dithmenos was noncommittal.
You visited 2 branches of the dungeon, and saw 8 of its levels.
You also visited: Bailey.

You collected 1290 gold pieces.
You spent 187 gold pieces at shops.

Inventory:

Hand Weapons
 f - a +2 dagger of freezing
 r - a +1 dagger of venom
 u - a +2 vampiric rapier (weapon)
Armour
 b - a +0 robe (worn)
Jewellery
 e - a ring of positive energy
 g - a ring of resist corrosion (right hand)
 m - a ring of protection from cold
 q - an amulet of the acrobat
 t - a ring of wizardry (left hand)
Wands
 w - a wand of iceblast (7)
Scrolls
 a - a scroll of blinking
 d - a scroll of immolation
 l - 2 scrolls of enchant armour
 n - 10 scrolls of teleportation
Potions
 c - a potion of invisibility
 h - 2 potions of resistance
 i - a potion of attraction
 j - 2 potions of curing
 k - 3 potions of haste
 o - a potion of lignification
 s - a potion of magic {unknown}
 v - a potion of heal wounds {unknown}


   Skills:
 + Level 2.6 Fighting
 + Level 3.5 Short Blades
 + Level 5.0 Dodging
 + Level 12.1 Stealth
 + Level 10.1 Spellcasting
 + Level 10.4 Hexes


You had 21 spell levels left.
You knew the following spells:

 Your Spells              Type           Power      Damage    Failure   Level
a - Ensorcelled Hibernat  Hex/Ice        52%        N/A       1%          2
b - Tukima's Dance        Hex            44%        N/A       1%          3
c - Dazzling Flash        Conj/Hex       52%        N/A       1%          3

Your spell library contained the following spells:

 Spells                   Type           Power      Damage    Failure   Level
 Confusing Touch          Hex            44%        N/A       1%          3
 Animate Skeleton         Necr           16%        N/A       3%          1
 Pain                     Necr           32%        1d5       3%          1
 Static Discharge         Conj/Air       8%         N/A       5%          2
 Vampiric Draining        Necr           4%         2d6       11%         3
 Dispel Undead            Necr           8%         3d8       32%         4
 Sticky Flame             Conj/Fire      8%         2d3       32%         4


Dungeon Overview and Level Annotations

Branches:
Dungeon (7/15)             Temple (1/1) D:7          Bailey (visited)

Altars:
Ashenzari
Dithmenos
Hepliaklqana
Makhleb
Okawaru
Qazlal
Ru
Wu Jian
Xom
Zin

Shops:
D:1 !


Innate Abilities, Weirdness & Mutations

You are very small and have problems with some larger weapons.
You are too small for most types of armour.
You have supernaturally acute eyesight. (SInv)
You cover ground extremely quickly. (Speed+++)
Your skin changes colour to match your surroundings (Stealth+).
Your system is resistant to poisons. (rPois)


Message History

The bolt of acid hits the boulder beetle but does no damage.
The boulder beetle is heavily wounded.
The boulder beetle bites you but does no damage.
Aiming: Corrosive Bolt
Press: ? - help, Shift-Dir - straight line, f/p - boulder beetle
Aim: a boulder beetle (heavily wounded, 100% to hit)
The bolt of acid hits the boulder beetle but does no damage.
The boulder beetle is heavily wounded.
The boulder beetle bites you!!
Aiming: Corrosive Bolt
Press: ? - help, Shift-Dir - straight line, f/p - boulder beetle
Aim: a boulder beetle (heavily wounded, 100% to hit)
The bolt of acid hits the boulder beetle but does no damage.
The boulder beetle is heavily wounded.
The boulder beetle completely misses you.
Aiming: Corrosive Bolt
Press: ? - help, Shift-Dir - straight line, f/p - boulder beetle
Aim: a boulder beetle (heavily wounded, 100% to hit)
The bolt of acid hits the boulder beetle!
The boulder beetle is severely wounded.
The now-empty wand crumbles to dust.
The boulder beetle completely misses you.
No previous command to re-do.
You don't have any such object.
Evoke which item? (* to show all) (? for menu, Esc to quit)
Okay, then.
Unknown command.
Casting: Ensorcelled Hibernation (safe; 1% risk of failure)
Confirm with . or Enter, or press ? or * to list all spells.
Casting: Dazzling Flash (safe; 1% risk of failure)
Press: ? - help, Dir - look around, f - activate The boulder beetle closely misses you.
Unknown command.
Casting: Dazzling Flash (safe; 1% risk of failure)
Confirm with . or Enter, or press ? or * to list all spells.
Casting: Dazzling Flash (safe; 1% risk of failure)
Press: ? - help, Dir - look around, f - activate The boulder beetle is dazzled.
The boulder beetle bites you!!
Ouch! That really hurt!
You die...

#≈..≈###...##.#
.#≈≈#...#..##.#
.#≈≈#.⌠.#..##.####
.#≈≈#...#........#
#≈≈≈≈###...##.##.#
≈≈≈≈≈≈.....##.##†#
≈≈≈≈≈≈.....##.##.#
#≈≈≈≈###...##.##.#
.#≈≈#...#..##.##@#
.#≈≈#.⌠.#..##.##B#
.#≈≈#...#...#.##.#
#≈..≈###....#.##.#
.............>##.#
...##.#...#.####.#
.####.#.###.# #.#
..# #.#.# #.# #.#
#.###.#.# #.# *,*


You could see a boulder beetle (blind).

Vanquished Creatures
  An orc knight (Bailey)
  A kobold demonologist (D:6)
  A hornet (D:7)
  A wyvern (D:5)
  2 water moccasins (D:6)
  8 orc warriors
  A necrophage (D:7)
  2 black bears (D:6)
  3 ogres
  A phantom (D:5)
  Blork the orc (D:6)
  2 kobold brigands
  3 bullfrogs
  3 scorpions
  A howler monkey (D:5)
  A jelly (D:6)
  7 hounds
  2 bullfrog skeletons
  3 orc priests
  3 iguanas
  3 orc wizards
  A howler monkey skeleton (D:4)
  12 adders
  3 gnolls (D:3)
  An ufetubus (D:6)
  2 worms (D:2)
  5 dart slugs
  23 orcs
  3 ball pythons
  5 bats
  3 endoplasms
  4 giant cockroaches
  6 hobgoblins
  4 jackals (D:2)
  3 frilled lizards
  7 goblins
  29 kobolds
  4 rats
165 creatures vanquished.

Vanquished Creatures (collateral kills)
  3 orc warriors (Bailey)
  10 orcs (Bailey)
  A goblin (D:7)
14 creatures vanquished.

Vanquished Creatures (others)
  12 dancing weapons
  63 plants (D:5)
75 creatures vanquished.

Grand Total: 254 creatures vanquished

Notes
Turn   | Place    | Note
-------+----------+-------------------------------------------
     0 | D:1      | sodan the Spriggan Enchanter began the quest for the Orb.
     0 | D:1      | Reached XP level 1. HP: 9/9 MP: 5/5
   379 | D:1      | Reached XP level 2. HP: 11/13 MP: 7/7
   394 | D:1      | Learned a level 2 spell: Ensorcelled Hibernation
   890 | D:1      | Found Dimogh's Distillery.
   898 | D:1      | Bought a potion of degeneration for 11 gold pieces
  1166 | D:1      | Bought a potion of curing for 33 gold pieces
  1314 | D:2      | Reached XP level 3. HP: 16/16 MP: 9/9
  1318 | D:2      | Learned a level 3 spell: Tukima's Dance
  1322 | D:2      | Learned a level 3 spell: Dazzling Flash
  1465 | D:2      | Reached skill level 5 in Hexes
  1465 | D:2      | Reached XP level 4. HP: 21/21 MP: 8/11
  1469 | D:2      | Identified a scroll of acquirement
  1469 | D:2      | Acquired 990 gold pieces
  1708 | D:2      | Found a faded altar of an unknown god.
  2538 | D:1      | Bought a potion of curing for 33 gold pieces
  2538 | D:1      | Bought a potion of haste for 110 gold pieces
  3270 | D:3      | Reached XP level 5. HP: 16/24 MP: 7/13
  3288 | D:3      | Reached skill level 5 in Spellcasting
  3625 | D:3      | Reached skill level 5 in Stealth
  3791 | D:4      | Reached XP level 6. HP: 14/28 MP: 10/15
  4678 | D:4      | Gained mutation: Your skin changes colour to match your
                  | surroundings (Stealth+). [potion of mutation]
  4678 | D:4      | Gained mutation: Your system is resistant to poisons.
                  | (rPois) [potion of mutation]
  4954 | D:5      | Entered Level 5 of the Dungeon
  5016 | D:5      | Reached skill level 6 in Stealth
  5119 | D:5      | Reached XP level 7. HP: 32/32 MP: 14/17
  5236 | D:5      | Noticed a wyvern
  5238 | D:5      | Killed a wyvern
  5239 | D:5      | Reached skill level 7 in Stealth
  5904 | D:5      | Reached skill level 8 in Stealth
  6458 | D:5      | Reached XP level 8. HP: 18/36 MP: 20/20
  7431 | D:6      | Reached skill level 9 in Stealth
  7458 | D:6      | HP: 1/36 [poisoned by a water moccasin]
  7906 | D:6      | Reached skill level 10 in Stealth
  8010 | D:6      | Noticed a kobold demonologist
  8024 | D:6      | Noticed a smoke demon
  8026 | D:6      | Killed a kobold demonologist
  8027 | D:6      | Reached XP level 9. HP: 12/39 MP: 20/23
  8455 | D:6      | Noticed Blork the orc
  8462 | D:6      | Killed Blork the orc
  8690 | D:6      | Reached skill level 11 in Stealth
  8800 | D:7      | Found the +8 frozen axe "Frostbite" {freezing cloud, *Noise
                  | Fly rC+}
  8819 | D:7      | Found a flagged portal.
  8836 | Bailey   | Entered a bailey
  9846 | Bailey   | Reached skill level 1 in Fighting
  9964 | Bailey   | Reached skill level 10 in Hexes
 10036 | Bailey   | Noticed an orc knight
 10148 | Bailey   | Killed an orc knight
 10297 | Bailey   | Reached skill level 10 in Spellcasting
 10297 | Bailey   | Reached XP level 10. HP: 46/46 MP: 19/25
 10450 | D:7      | Reached skill level 12 in Stealth
 10701 | D:7      | Found a staircase to the Ecumenical Temple.
 10713 | Temple   | Entered the Ecumenical Temple
 10724 | Temple   | Became a worshipper of Dithmenos the Shadowed
 10976 | D:7      | Noticed a boulder beetle
 10979 | D:7      | Reached skill level 5 in Dodging
 10990 | D:7      | Slain by a boulder beetle

Illustrated notes

Levels and vault maps discovered:
D:1:      mrwooster_arrival_arrow, layout_loops_corners, serial_shops, shop
D:2:      layout_loops_corners, basic_ecumenical_altar,
          minmay_misc_feat_enclosed, guppyfry_early_lair_pool
D:3:      layout_rooms, ebering_dispersal_statue_hall, corexii_shack
D:4:      layout_basic, kennysheep_generic_room_13
D:5:      kennysheep_kobold_camp, layout_basic
D:6:      layout_cave_pools, uniq_blork_the_orc
D:7:      layout_basic, minmay_temple_entry_purple_smoke,
          nicolae_ossuary_entry_false_entrances, enter_bailey_5, fountainhead
Temple:   compressed_dpeg_triangle_lava_temple

Skill      XL: |  1  2  3  4  5  6  7  8  9 10 |
---------------+-------------------------------+-----
Spellcasting   | 3 4 5 6 7 9 10 | 10.1
Hexes          | 4 5 6 7 9 10 | 10.4
Stealth        | 5 6 8 10 11 12 | 12.1
Dodging        | 4 5 |  5.0
Short Blades   | 3 |  3.5
Fighting       | 2 |  2.6

Action                   |  1- 3 |  4- 6 |  7- 9 | 10-12 || total
-------------------------+-------+-------+-------+-------++-------
Melee: Dagger            |    55 |   175 |   229 |       ||   459
       Rapier            |       |       |    15 |    25 ||    40
 Cast: Ensorcelled Hiber |     4 |    22 |    39 |     1 ||    66
       Tukima's Dance    |       |     3 |    28 |       ||    31
       Dazzling Flash    |       |       |     1 |     2 ||     3
Evoke: Wand              |       |       |     2 |     4 ||     6
  Use: Scroll            |     3 |     6 |     3 |     1 ||    13
       Potion            |       |     2 |     3 |       ||     5
 Stab: Sleeping          |    13 |    32 |    36 |     6 ||    87
       Distracted        |       |       |     1 |       ||     1
       Invisible         |       |       |     1 |       ||     1
Armor: Robe              |     3 |    14 |    21 |     2 ||    40
Dodge: Dodged            |    35 |   116 |   235 |    16 ||   402

Table legend: (Time is in decaauts)
 A = Elapsed time spent in this place.
 B = Non-inter-level travel time spent in this place.
 C = Inter-level travel time spent in this place.
 D = Time resting spent in this place.
 E = Time spent auto-exploring this place.
 F = Levels seen in this place.
 G = Mean time per level.
                   A        B        C        D        E       F      G
               +--------+--------+--------+--------+--------+-----+--------+
         Total |   8829 |   8590 |    239 |   2201 |   4929 |   9 |  981.0 |
       Dungeon |   7439 |   7205 |    234 |   1513 |   4504 |   7 | 1062.7 |
        Temple |     12 |      8 |      4 |      0 |      0 |   1 |   12.0 |
        Bailey |   1377 |   1377 |      0 |    688 |    425 |   1 | 1377.0 |
               +--------+--------+--------+--------+--------+-----+--------+

Top non-repeatable levels by time:
     D:5: 1797 daAuts
  Bailey: 1377 daAuts
     D:4: 1191 daAuts
     D:6: 1156 daAuts
     D:2: 955 daAuts
     D:1: 938 daAuts
     D:3: 934 daAuts
     D:7: 465 daAuts
  Temple: 12 daAuts
